Crunch vs Ice Caps

Created - Tuesday, January 13, 2015 at 00:37

Goals
1 2 3 T
Crunch 1 1 1 3
Ice Caps 0 0 1 1
Shots
1 2 3 T
Crunch 5 13 12 30
Ice Caps 5 6 9 20

1st period

1. Crunch , Taylor Pyatt 25 (Ryan Strome) at 0:08

Penalties :
Daniil Tarasov (STJ) for Holding (Minor) at 1:59, Joel Edmundson (STJ) for Holding (Minor) at 4:50

2nd period

2. Crunch , Taylor Pyatt 26 (Chad Billins, Andre Petersson) at 14:53 (PP)

Penalties :
Klas Dahlbeck (STJ) for Holding (Minor) at 14:42

3rd period

3. Ice Caps , Scott Mayfield 1 (Filip Forsberg, Daniil Tarasov) at 18:00
4. Crunch , Taylor Pyatt 27 (Ryan Strome, Danny Syvret) at 19:50 (Empty Net)

Penalties :
Danny Syvret (SYR) for Hooking (Minor) at 9:14

Goalie Stats

Richard Bachman (SYR), 19 saves from 20 shots - (0.950), W, 11-6-2, 60:00 minutes
Nathan Lieuwen (STJ), 27 saves from 29 shots - (0.931), L, 22-8-10, 59:11 minutes

Players Stats for Crunch

Player Name              G  A  P  +/- PIM S  H  SB GA TA FO     MP     PP MP  PK MP  
------------------------------------------------------------------------------------
Andre Petersson          0  1  1   2  0   1  3  0  0  1  0/0    16:48   2:03   0:00 
Anton Zlobin             0  0  0   0  0   3  1  2  1  1  1/1    12:03   0:00   0:00 
Brett Skinner            0  0  0  -1  0   1  0  0  1  1  0/0    16:27   0:00   0:00 
Brodie Reid              0  0  0   0  0   1  2  1  1  2  0/0    12:17   0:00   0:00 
Chad Billins             0  1  1   2  0   2  2  0  2  2  0/0    23:12   2:30   1:59 
Corban Knight            0  0  0  -1  0   0  5  1  0  0  10/18  16:40   2:06   0:00 
Danny Syvret             0  1  1   2  2   1  2  1  0  2  0/0    21:24   2:30   0:00 
Eriah Hayes              0  0  0  -1  0   2  4  0  4  0  0/0    16:40   2:06   0:00 
Jordin Tootoo            0  0  0  -1  0   5  1  0  5  1  0/2    16:40   2:06   0:00 
Karl Stollery            0  0  0   0  0   1  1  2  3  1  0/0    20:21   1:39   0:00 
Matt Lindblad            0  0  0   0  0   1  1  1  0  0  1/1    13:21   0:00   0:51 
Nick Jensen              0  0  0  -1  0   0  1  0  1  1  0/0    18:27   0:00   1:59 
Phillip Danault          0  0  0   0  0   0  1  0  1  0  1/4    13:21   0:00   0:51 
Ryan Strome              0  2  2   2  0   1  2  0  4  0  10/10  16:48   2:03   0:00 
Stanislav Galiev         0  0  0   0  0   2  0  0  0  0  0/0    13:11   0:00   1:08 
Taylor Pyatt             3  0  3   2  0   4  2  0  4  1  0/1    16:48   2:03   0:00 
Travis Oleksuk           0  0  0   0  0   4  0  0  2  0  6/9    13:11   0:00   1:08 
Zach Trotman             0  0  0   0  0   1  0  0  0  1  0/0    20:21   1:39   0:00 

Players Stats for Ice Caps

Player Name              G  A  P  +/- PIM S  H  SB GA TA FO     MP     PP MP  PK MP  
------------------------------------------------------------------------------------
Brandon Davidson         0  0  0  -1  0   1  0  3  0  4  0/0    18:59   1:02   2:57 
Colin Smith              0  0  0   0  0   0  0  1  3  1  5/16   20:46   0:49   1:19 
Corey Cowick             0  0  0   0  0   0  1  0  2  0  0/0    20:09   0:51   0:26 
Daniil Tarasov           0  1  1  -1  2   2  3  0  0  1  0/2    22:39   0:48   1:29 
David Wohlberg           0  0  0   0  0   0  0  0  0  0  0/0     1:36   0:00   0:00 
Filip Forsberg           0  1  1   1  0   1  1  1  4  0  1/2    16:14   0:49   0:00 
Garret Ross              0  0  0  -2  0   2  0  0  0  0  1/5    21:11   0:22   2:32 
Joel Edmundson           0  0  0   0  2   0  0  0  0  1  0/0    15:18   0:00   0:11 
Klas Dahlbeck            0  0  0  -1  2   0  1  2  0  4  0/0    24:38   1:02   2:46 
Kory Nagy                0  0  0   0  0   2  2  0  0  0  0/1    19:12   0:46   0:00 
Martin Marincin          0  0  0   0  0   0  0  0  1  1  0/0     5:51   0:00   0:00 
Maxim Kitsyn             0  0  0   0  0   1  0  0  0  0  1/1     0:58   0:00   0:00 
Michael Schumacher       0  0  0   1  0   4  0  3  2  0  3/3    17:46   0:22   0:00 
Rasmus Rissanen          0  0  0   0  0   0  2  0  1  1  0/0    15:06   0:00   0:00 
Rylan Schwartz           0  0  0  -2  0   2  0  0  6  2  4/10   19:54   1:10   1:19 
Scott Mayfield           1  0  1   0  0   3  0  1  0  1  0/0    21:24   0:57   1:12 
Seth Helgeson            0  0  0   0  0   0  1  1  2  2  0/0    20:04   0:57   1:12 
Troy Bourke              0  0  0   0  0   2  1  0  1  0  2/6    14:03   0:00   1:13 

3 Stars

1 - Taylor Pyatt (SYR)
2 - Ryan Strome (SYR)
3 - Richard Bachman (SYR)

Power Play

Crunch - 1 on 3 Attempt(s) - 33.33%
Ice Caps - 0 on 1 Attempt(s) - 0.00%

Penalty Kill

Crunch - 1 on 1 Attempt(s) - 100.00% - Score 0 goal in Penalty Kill
Ice Caps - 2 on 3 Attempt(s) - 66.67% - Score 0 goal in Penalty Kill

Team Stat

Crunch - Hits : 28 - Faceoff Wins : 29 - Blocked Shots : 8 - Penalty Minutes : 2
Ice Caps - Hits : 12 - Faceoff Wins : 17 - Blocked Shots : 12 - Penalty Minutes : 6

Official

Referees : Unknown
Linesman : Unknown

Game Notes

Taylor Pyatt has scored a Hat Trick!
Taylor Pyatt has scored in a empty net!

Finance

Level 1 -- Attendance: 1598 (79.90%) -- Ticket Income $55,930
Level 2 -- Attendance: 790 (79.00%) -- Ticket Income $11,850
Total Attendance: 2388 (79.60%)
Total Ticket Income: $67,780
Other Income: $33,212
Total Income: $100,992

Crunch

5 vs 5 Forward 
   Center                   Left Wing                Right Wing               Time % Phy DF OF 
 1 Ryan Strome              Andre Petersson          Taylor Pyatt             35     1   2  2  
 2 Corban Knight            Jordin Tootoo            Eriah Hayes              35     1   2  2  
 3 Travis Oleksuk           Stanislav Galiev         Anton Zlobin             15     1   2  2  
 4 Phillip Danault          Matt Lindblad            Brodie Reid              15     1   2  2  

5 vs 5 Defense 
   Defense                  Defense                                           Time % Phy DF OF 
 1 Danny Syvret             Chad Billins                                      34     1   2  2  
 2 Zach Trotman             Karl Stollery                                     33     1   2  2  
 3 Nick Jensen              Brett Skinner                                     33     1   2  2  
 4 Danny Syvret             Chad Billins                                      0      0   5  0  

PowerPlay Forward 
   Center                   Left Wing                Right Wing               Time % Phy DF OF 
 1 Ryan Strome              Andre Petersson          Taylor Pyatt             60     0   1  4  
 2 Corban Knight            Jordin Tootoo            Eriah Hayes              40     0   2  3  

PowerPlay Defense
   Defense                  Defense                                           Time % Phy DF OF 
 1 Danny Syvret             Chad Billins                                      60     0   2  3  
 2 Zach Trotman             Karl Stollery                                     40     0   2  3  

Penalty Kill 4 Players Forward 
   Center                   Wing                     Time % Phy DF OF 
 1 Travis Oleksuk           Stanislav Galiev         50     1   4  0  
 2 Phillip Danault          Matt Lindblad            50     1   4  0  

Penalty Kill 4 Players Defense
   Defense                  Defense                  Time % Phy DF OF 
 1 Nick Jensen              Brett Skinner            50     1   4  0  
 2 Danny Syvret             Chad Billins             50     1   4  0  

Penalty Kill - 3 Players Forward 
   Forward                                           Time % Phy DF OF 
 1 Travis Oleksuk                                    50     1   4  0  
 2 Phillip Danault                                   50     1   4  0  

Penalty Kill - 3 Players Defense
   Defense                  Defense                  Time % Phy DF OF 
 1 Nick Jensen              Brett Skinner            50     1   4  0  
 2 Danny Syvret             Chad Billins             50     1   4  0  

4 vs 4 Forward 
   Center                   Wing                     Time % Phy DF OF 
 1 Ryan Strome              Taylor Pyatt             60     0   1  4  
 2 Corban Knight            Jordin Tootoo            40     1   2  2  

4 vs 4 Defense
   Defense                  Defense                  Time % Phy DF OF 
 1 Danny Syvret             Chad Billins             50     1   2  2  
 2 Zach Trotman             Karl Stollery            50     1   2  2  

Last Minutes Offensive
   Center                   Left Wing                Right Wing               Defense                  Defense                  
   Ryan Strome              Andre Petersson          Taylor Pyatt             Danny Syvret             Chad Billins             

Last Minutes Defensive
   Center                   Left Wing                Right Wing               Defense                  Defense                  
   Ryan Strome              Andre Petersson          Taylor Pyatt             Danny Syvret             Chad Billins             

Goaltenders
Starting : Richard Bachman          
Backup : Michael Houser           

Extra Forwards
Normal : Taylor Pyatt, Ryan Strome, Jordin Tootoo - PP : Taylor Pyatt, Ryan Strome - PK : Taylor Pyatt
Extra Defensemen
Normal : Danny Syvret, Chad Billins, Zach Trotman - PP : Danny Syvret - PK : Danny Syvret, Chad Billins
Penalty Shots
Andre Petersson, Ryan Strome, Eriah Hayes, Jordin Tootoo, Corban Knight

Ice Caps

5 vs 5 Forward 
   Center                   Left Wing                Right Wing               Time % Phy DF OF 
 1 Rylan Schwartz           Garret Ross              Daniil Tarasov           35     1   2  2  
 2 Colin Smith              Corey Cowick             Kory Nagy                30     1   2  2  
 3 Daniil Tarasov           Michael Schumacher       Filip Forsberg           22     1   2  2  
 4 Garret Ross              Troy Bourke              Daniil Tarasov           13     1   2  2  

5 vs 5 Defense 
   Defense                  Defense                                           Time % Phy DF OF 
 1 Klas Dahlbeck            Brandon Davidson                                  35     1   2  2  
 2 Scott Mayfield           Seth Helgeson                                     30     1   2  2  
 3 Rasmus Rissanen          Joel Edmundson                                    22     1   2  2  
 4 Martin Marincin          Klas Dahlbeck                                     13     1   2  2  

PowerPlay Forward 
   Center                   Left Wing                Right Wing               Time % Phy DF OF 
 1 Rylan Schwartz           Garret Ross              Daniil Tarasov           60     1   2  2  
 2 Colin Smith              Corey Cowick             Kory Nagy                40     1   2  2  

PowerPlay Defense
   Defense                  Defense                                           Time % Phy DF OF 
 1 Klas Dahlbeck            Brandon Davidson                                  60     1   2  2  
 2 Scott Mayfield           Seth Helgeson                                     40     1   2  2  

Penalty Kill 4 Players Forward 
   Center                   Wing                     Time % Phy DF OF 
 1 Garret Ross              Daniil Tarasov           60     1   2  2  
 2 Rylan Schwartz           Colin Smith              40     1   2  2  

Penalty Kill 4 Players Defense
   Defense                  Defense                  Time % Phy DF OF 
 1 Klas Dahlbeck            Brandon Davidson         60     1   2  2  
 2 Scott Mayfield           Seth Helgeson            40     1   2  2  

Penalty Kill - 3 Players Forward 
   Forward                                           Time % Phy DF OF 
 1 Garret Ross                                       60     1   2  2  
 2 Daniil Tarasov                                    40     1   2  2  

Penalty Kill - 3 Players Defense
   Defense                  Defense                  Time % Phy DF OF 
 1 Klas Dahlbeck            Brandon Davidson         60     1   2  2  
 2 Scott Mayfield           Seth Helgeson            40     1   2  2  

4 vs 4 Forward 
   Center                   Wing                     Time % Phy DF OF 
 1 Garret Ross              Daniil Tarasov           60     1   2  2  
 2 Rylan Schwartz           Colin Smith              40     1   2  2  

4 vs 4 Defense
   Defense                  Defense                  Time % Phy DF OF 
 1 Klas Dahlbeck            Brandon Davidson         60     1   2  2  
 2 Scott Mayfield           Seth Helgeson            40     1   2  2  

Last Minutes Offensive
   Center                   Left Wing                Right Wing               Defense                  Defense                  
   Rylan Schwartz           Garret Ross              Daniil Tarasov           Klas Dahlbeck            Brandon Davidson         

Last Minutes Defensive
   Center                   Left Wing                Right Wing               Defense                  Defense                  
   Rylan Schwartz           Garret Ross              Daniil Tarasov           Klas Dahlbeck            Brandon Davidson         

Goaltenders
Starting : Nathan Lieuwen           
Backup : Kristers Gudlevskis      

Extra Forwards
Normal : Michael Schumacher, Daniil Tarasov, Troy Bourke - PP : Michael Schumacher, Daniil Tarasov - PK : Troy Bourke
Extra Defensemen
Normal : Rasmus Rissanen, Joel Edmundson, Klas Dahlbeck - PP : Rasmus Rissanen - PK : Joel Edmundson, Klas Dahlbeck
Penalty Shots
Garret Ross, Daniil Tarasov, Rylan Schwartz, Colin Smith, Corey Cowick

% Time on Ice - Crunch

Lines # - Real PCT - Wanted PCT - Time Play
Normal Forward
1 - 27% - 35% - 14:15
2 - 28% - 35% - 14:47
3 - 23% - 15% - 12:03
4 - 23% - 15% - 12:17
Normal Defense
1 - 34% - 34% - 18:12
2 - 35% - 33% - 18:43
3 - 31% - 33% - 16:27
4 - 0% - 0% - 0:00
PP Forward
1 - 49% - 60% - 2:03
2 - 51% - 40% - 2:06
PP Defense
1 - 60% - 60% - 2:30
2 - 40% - 40% - 1:39
PK Forward
1 - 57% - 50% - 1:08
2 - 43% - 50% - 0:51
PK Defense
1 - 0% - 50% - 0:00
2 - 100% - 50% - 1:59
PK3 Forward
1 - 0% - 50%
2 - 0% - 50%
PK3 Defense
1 - 0% - 50%
2 - 0% - 50%
44 Forward
1 - 0% - 60%
2 - 0% - 40%
44 Defense
1 - 0% - 50%
2 - 0% - 50%
Last Minute Offensive  - 0:00
Last Minute Defensive  - 0:30
Total
Forward - 60:00
Defense - 60:00

% Time on Ice - Ice Caps

Lines # - Real PCT - Wanted PCT - Time Play
Normal Forward
1 - 29% - 35% - 15:20
2 - 35% - 30% - 18:41
3 - 27% - 22% - 14:16
4 - 9% - 13% - 4:57
Normal Defense
1 - 28% - 35% - 15:00
2 - 32% - 30% - 17:17
3 - 28% - 22% - 15:06
4 - 11% - 13% - 5:51
PP Forward
1 - 59% - 60% - 1:10
2 - 41% - 40% - 0:49
PP Defense
1 - 52% - 60% - 1:02
2 - 48% - 40% - 0:57
PK Forward
1 - 68% - 60% - 2:50
2 - 32% - 40% - 1:19
PK Defense
1 - 71% - 60% - 2:57
2 - 29% - 40% - 1:12
PK3 Forward
1 - 0% - 60%
2 - 0% - 40%
PK3 Defense
1 - 0% - 60%
2 - 0% - 40%
44 Forward
1 - 0% - 60%
2 - 0% - 40%
44 Defense
1 - 0% - 60%
2 - 0% - 40%
Last Minute Offensive  - 0:38
Last Minute Defensive  - 0:00
Total
Forward - 60:00
Defense - 60:00

Play by Play

1st period


0:01 of 1st period - Ryan Strome wins face-off versus Rylan Schwartz in neutral zone.
0:08 of 1st period - Slapshot by Taylor Pyatt.
0:08 of 1st period - Goal by Taylor Pyatt - Crunch : 1 - Ice Caps : 0.
0:09 of 1st period - Colin Smith wins face-off versus Corban Knight in neutral zone.
0:18 of 1st period - Jordin Tootoo is hit by Corey Cowick and loses puck.
1:04 of 1st period - Snap shot by Taylor Pyatt.
1:04 of 1st period - Shot Blocked by Michael Schumacher.
1:10 of 1st period - Snap shot by Taylor Pyatt.
1:10 of 1st period - Shot Blocked by Michael Schumacher.
1:32 of 1st period - Slapshot by Taylor Pyatt.
1:32 of 1st period - Shot Blocked by Michael Schumacher.
1:34 of 1st period - Wrist shot by Taylor Pyatt.
1:34 of 1st period - Stopped by Nathan Lieuwen with a rebound.
1:59 of 1st period - Minor Penalty to Daniil Tarasov for Holding.
2:00 of 1st period - Ryan Strome wins face-off versus Garret Ross in Ice Caps zone.
2:19 of 1st period - Snap shot by Ryan Strome.
2:19 of 1st period - Shot Misses the Net.
2:53 of 1st period - Klas Dahlbeck is hit by Corban Knight and loses puck.
3:06 of 1st period - Troy Bourke is hit by Ryan Strome and loses puck.
3:59 of 1st period - Penalty to Daniil Tarasov is over, Daniil Tarasov is back on ice.
4:22 of 1st period - Wrist shot by Matt Lindblad.
4:22 of 1st period - Stopped by Nathan Lieuwen with a rebound.
4:50 of 1st period - Minor Penalty to Joel Edmundson for Holding.
4:51 of 1st period - Corban Knight wins face-off versus Rylan Schwartz in Ice Caps zone.
5:06 of 1st period - Snap shot by Jordin Tootoo.
5:06 of 1st period - Shot Misses the Net.
5:08 of 1st period - Slapshot by Danny Syvret.
5:08 of 1st period - Shot Blocked by Seth Helgeson.
5:10 of 1st period - Slapshot by Danny Syvret.
5:10 of 1st period - Shot Misses the Net.
6:13 of 1st period - Klas Dahlbeck is hit by Ryan Strome and loses puck.
6:50 of 1st period - Penalty to Joel Edmundson is over, Joel Edmundson is back on ice.
6:51 of 1st period - Icing by Andre Petersson.
6:52 of 1st period - Ryan Strome wins face-off versus Colin Smith in Crunch zone.
7:03 of 1st period - Karl Stollery is hit by Kory Nagy.
8:06 of 1st period - Nick Jensen is hit by Rasmus Rissanen and loses puck.
8:39 of 1st period - Corey Cowick is hit by Brodie Reid.
9:01 of 1st period - Slapshot by Martin Marincin.
9:01 of 1st period - Shot Blocked by Danny Syvret.
11:56 of 1st period - Rylan Schwartz is hit by Eriah Hayes and loses puck.
12:13 of 1st period - Backhand shot by Anton Zlobin.
12:13 of 1st period - Shot Blocked by Filip Forsberg.
12:15 of 1st period - Snap shot by Karl Stollery.
12:15 of 1st period - Shot Misses the Net.
12:17 of 1st period - Snap shot by Anton Zlobin.
12:17 of 1st period - Shot Misses the Net.
12:47 of 1st period - Slapshot by Klas Dahlbeck.
12:47 of 1st period - Shot Misses the Net.
13:07 of 1st period - Slapshot by Chad Billins.
13:07 of 1st period - Deflect By Travis Oleksuk.
13:07 of 1st period - Shot Misses the Net.
13:07 of 1st period - Puck is out of play.
13:08 of 1st period - Colin Smith wins face-off versus Travis Oleksuk in Ice Caps zone.
13:13 of 1st period - Snap shot by Anton Zlobin.
13:13 of 1st period - Stopped by Nathan Lieuwen with a rebound.
13:25 of 1st period - Kory Nagy is hit by Corban Knight and loses puck.
14:05 of 1st period - Snap shot by Troy Bourke.
14:05 of 1st period - Stopped by Richard Bachman with a rebound.
14:07 of 1st period - Slapshot by Brandon Davidson.
14:07 of 1st period - Stopped by Richard Bachman without a rebound.
14:08 of 1st period - Phillip Danault wins face-off versus Garret Ross in Crunch zone.
14:31 of 1st period - Klas Dahlbeck is hit by Phillip Danault and loses puck.
14:50 of 1st period - Wrist shot by Anton Zlobin.
14:50 of 1st period - Shot Misses the Net.
14:52 of 1st period - Wrist shot by Anton Zlobin.
14:52 of 1st period - Shot Misses the Net.
14:54 of 1st period - Slapshot by Nick Jensen.
14:54 of 1st period - Shot Misses the Net.
16:11 of 1st period - Joel Edmundson is hit by Andre Petersson and loses puck.
16:42 of 1st period - Joel Edmundson is hit by Anton Zlobin and loses puck.
17:01 of 1st period - Slapshot by Maxim Kitsyn.
17:01 of 1st period - Stopped by Richard Bachman without a rebound.
17:02 of 1st period - Maxim Kitsyn wins face-off versus Phillip Danault in Crunch zone.
17:52 of 1st period - Wrist shot by Daniil Tarasov.
17:52 of 1st period - Stopped by Richard Bachman with a rebound.
17:56 of 1st period - Slapshot by Kory Nagy.
17:56 of 1st period - Stopped by Richard Bachman with a rebound.
18:12 of 1st period - Ryan Strome is hit by Rasmus Rissanen.
18:15 of 1st period - Off-side.
18:16 of 1st period - Ryan Strome wins face-off versus Troy Bourke in neutral zone.
19:08 of 1st period - Slapshot by Travis Oleksuk.
19:08 of 1st period - Shot Misses the Net.
19:10 of 1st period - Snap shot by Brett Skinner.
19:10 of 1st period - Stopped by Nathan Lieuwen without a rebound.
19:11 of 1st period - Anton Zlobin wins face-off versus Daniil Tarasov in Ice Caps zone.
Goals for this period are 1 for Crunch vs 0 for Ice Caps.
Shots for this period are 5 for Crunch vs 5 for Ice Caps.

2nd period


0:01 of 2nd period - Corban Knight wins face-off versus Rylan Schwartz in neutral zone.
0:06 of 2nd period - Slapshot by Eriah Hayes.
0:06 of 2nd period - Stopped by Nathan Lieuwen without a rebound.
0:07 of 2nd period - Rylan Schwartz wins face-off versus Jordin Tootoo in Ice Caps zone.
0:38 of 2nd period - Brandon Davidson is hit by Danny Syvret and loses puck.
1:03 of 2nd period - Colin Smith is hit by Chad Billins.
2:27 of 2nd period - Slapshot by Travis Oleksuk.
2:27 of 2nd period - Deflect By Anton Zlobin.
2:27 of 2nd period - Shot Misses the Net.
2:27 of 2nd period - Puck is out of play.
2:28 of 2nd period - Travis Oleksuk wins face-off versus Colin Smith in Ice Caps zone.
2:31 of 2nd period - Wrist shot by Stanislav Galiev.
2:31 of 2nd period - Shot Misses the Net.
2:33 of 2nd period - Slapshot by Chad Billins.
2:33 of 2nd period - Stopped by Nathan Lieuwen with a rebound.
2:39 of 2nd period - Slapshot by Danny Syvret.
2:39 of 2nd period - Deflect By Anton Zlobin.
2:39 of 2nd period - Shot Blocked by Colin Smith.
2:39 of 2nd period - Puck is out of play.
2:40 of 2nd period - Corban Knight wins face-off versus Colin Smith in Ice Caps zone.
2:43 of 2nd period - Wrist shot by Eriah Hayes.
2:43 of 2nd period - Shot Blocked by Brandon Davidson.
2:45 of 2nd period - Slapshot by Danny Syvret.
2:45 of 2nd period - Stopped by Nathan Lieuwen with a rebound.
3:01 of 2nd period - Wrist shot by Jordin Tootoo.
3:01 of 2nd period - Shot Blocked by Brandon Davidson.
3:03 of 2nd period - Slapshot by Chad Billins.
3:03 of 2nd period - Shot Misses the Net.
3:05 of 2nd period - Snap shot by Chad Billins.
3:05 of 2nd period - Deflect By Jordin Tootoo.
3:05 of 2nd period - Shot Misses the Net.
3:05 of 2nd period - Puck is out of play.
3:06 of 2nd period - Rylan Schwartz wins face-off versus Taylor Pyatt in Ice Caps zone.
4:02 of 2nd period - Wrist shot by Filip Forsberg.
4:02 of 2nd period - Deflect By Michael Schumacher.
4:02 of 2nd period - Stopped by Richard Bachman without a rebound.
4:03 of 2nd period - Michael Schumacher wins face-off versus Corban Knight in Crunch zone.
4:57 of 2nd period - Rasmus Rissanen is hit by Chad Billins and loses puck.
5:30 of 2nd period - Snap shot by Colin Smith.
5:30 of 2nd period - Shot Blocked by Anton Zlobin.
5:32 of 2nd period - Snap shot by Colin Smith.
5:32 of 2nd period - Shot Misses the Net.
5:48 of 2nd period - Wrist shot by Troy Bourke.
5:48 of 2nd period - Shot Misses the Net.
5:50 of 2nd period - Wrist shot by Daniil Tarasov.
5:50 of 2nd period - Shot Blocked by Karl Stollery.
6:33 of 2nd period - Seth Helgeson is hit by Brodie Reid and loses puck.
7:07 of 2nd period - Taylor Pyatt is hit by Daniil Tarasov and loses puck.
7:41 of 2nd period - Off-side.
7:42 of 2nd period - Troy Bourke wins face-off versus Corban Knight in neutral zone.
8:01 of 2nd period - Icing by Jordin Tootoo.
8:02 of 2nd period - Corban Knight wins face-off versus Colin Smith in Crunch zone.
8:37 of 2nd period - Wrist shot by Rylan Schwartz.
8:37 of 2nd period - Stopped by Richard Bachman with a rebound.
8:54 of 2nd period - Backhand shot by Michael Schumacher.
8:54 of 2nd period - Stopped by Richard Bachman with a rebound.
8:59 of 2nd period - Icing by Brett Skinner.
9:00 of 2nd period - Troy Bourke wins face-off versus Phillip Danault in Crunch zone.
9:21 of 2nd period - Slapshot by Garret Ross.
9:21 of 2nd period - Stopped by Richard Bachman with a rebound.
9:23 of 2nd period - Slapshot by Klas Dahlbeck.
9:23 of 2nd period - Shot Blocked by Brodie Reid.
9:25 of 2nd period - Snap shot by Rylan Schwartz.
9:25 of 2nd period - Shot Misses the Net.
9:27 of 2nd period - Snap shot by Daniil Tarasov.
9:27 of 2nd period - Shot Blocked by Matt Lindblad.
10:13 of 2nd period - Icing by Zach Trotman.
10:14 of 2nd period - Ryan Strome wins face-off versus Troy Bourke in Crunch zone.
10:25 of 2nd period - Snap shot by Taylor Pyatt.
10:25 of 2nd period - Deflect By Ryan Strome.
10:25 of 2nd period - Shot Misses the Net.
10:25 of 2nd period - Puck is out of play.
10:26 of 2nd period - Corban Knight wins face-off versus Troy Bourke in Ice Caps zone.
10:33 of 2nd period - Snap shot by Eriah Hayes.
10:33 of 2nd period - Shot Misses the Net.
11:01 of 2nd period - Snap shot by Rylan Schwartz.
11:01 of 2nd period - Stopped by Richard Bachman with a rebound.
11:27 of 2nd period - Joel Edmundson is hit by Corban Knight and loses puck.
11:48 of 2nd period - Slapshot by Daniil Tarasov.
11:48 of 2nd period - Stopped by Richard Bachman without a rebound.
11:49 of 2nd period - Travis Oleksuk wins face-off versus Rylan Schwartz in Crunch zone.
12:01 of 2nd period - Anton Zlobin is hit by Klas Dahlbeck and loses puck.
12:39 of 2nd period - Snap shot by Taylor Pyatt.
12:39 of 2nd period - Shot Misses the Net.
13:30 of 2nd period - Wrist shot by Matt Lindblad.
13:30 of 2nd period - Shot Blocked by Scott Mayfield.
13:32 of 2nd period - Snap shot by Brodie Reid.
13:32 of 2nd period - Shot Misses the Net.
14:08 of 2nd period - Rasmus Rissanen is hit by Eriah Hayes and loses puck.
14:19 of 2nd period - Wrist shot by Travis Oleksuk.
14:19 of 2nd period - Deflect By Stanislav Galiev.
14:19 of 2nd period - Stopped by Nathan Lieuwen with a rebound.
14:21 of 2nd period - Slapshot by Karl Stollery.
14:21 of 2nd period - Stopped by Nathan Lieuwen with a rebound.
14:23 of 2nd period - Wrist shot by Travis Oleksuk.
14:23 of 2nd period - Stopped by Nathan Lieuwen with a rebound.
14:25 of 2nd period - Slapshot by Zach Trotman.
14:25 of 2nd period - Stopped by Nathan Lieuwen with a rebound.
14:27 of 2nd period - Slapshot by Karl Stollery.
14:27 of 2nd period - Shot Misses the Net.
14:29 of 2nd period - Slapshot by Karl Stollery.
14:29 of 2nd period - Shot Misses the Net.
14:31 of 2nd period - Slapshot by Zach Trotman.
14:31 of 2nd period - Deflect By Anton Zlobin.
14:31 of 2nd period - Stopped by Nathan Lieuwen without a rebound.
14:32 of 2nd period - Travis Oleksuk wins face-off versus Troy Bourke in Ice Caps zone.
14:37 of 2nd period - Snap shot by Anton Zlobin.
14:37 of 2nd period - Shot Misses the Net.
14:42 of 2nd period - Minor Penalty to Klas Dahlbeck for Holding.
14:43 of 2nd period - Ryan Strome wins face-off versus Garret Ross in Ice Caps zone.
14:47 of 2nd period - Slapshot by Taylor Pyatt.
14:47 of 2nd period - Shot Misses the Net.
14:49 of 2nd period - Wrist shot by Taylor Pyatt.
14:49 of 2nd period - Shot Misses the Net.
14:51 of 2nd period - Slapshot by Andre Petersson.
14:51 of 2nd period - Stopped by Nathan Lieuwen with a rebound.
14:53 of 2nd period - Snap shot by Chad Billins.
14:53 of 2nd period - Deflect By Taylor Pyatt.
14:53 of 2nd period - Goal by Taylor Pyatt - Crunch : 2 - Ice Caps : 0.
14:54 of 2nd period - Corban Knight wins face-off versus Daniil Tarasov in neutral zone.
15:24 of 2nd period - Icing by Jordin Tootoo.
15:25 of 2nd period - Corban Knight wins face-off versus Colin Smith in Crunch zone.
15:46 of 2nd period - Icing by Colin Smith.
15:47 of 2nd period - Ryan Strome wins face-off versus Colin Smith in Ice Caps zone.
16:37 of 2nd period - Wrist shot by Stanislav Galiev.
16:37 of 2nd period - Stopped by Nathan Lieuwen without a rebound.
16:38 of 2nd period - Travis Oleksuk wins face-off versus Filip Forsberg in Ice Caps zone.
16:57 of 2nd period - Wrist shot by Travis Oleksuk.
16:57 of 2nd period - Shot Misses the Net.
16:59 of 2nd period - Slapshot by Karl Stollery.
16:59 of 2nd period - Deflect By Anton Zlobin.
16:59 of 2nd period - Stopped by Nathan Lieuwen without a rebound.
17:00 of 2nd period - Colin Smith wins face-off versus Corban Knight in Ice Caps zone.
17:29 of 2nd period - Wrist shot by Eriah Hayes.
17:29 of 2nd period - Stopped by Nathan Lieuwen with a rebound.
17:51 of 2nd period - Kory Nagy is hit by Danny Syvret and loses puck.
18:22 of 2nd period - Scott Mayfield is hit by Taylor Pyatt and loses puck.
18:57 of 2nd period - Seth Helgeson is hit by Matt Lindblad.
19:01 of 2nd period - Matt Lindblad is hit by Troy Bourke and loses puck.
Goals for this period are 1 for Crunch vs 0 for Ice Caps.
Shots for this period are 13 for Crunch vs 6 for Ice Caps.

3rd period


0:01 of 3rd period - Corban Knight wins face-off versus Rylan Schwartz in neutral zone.
0:12 of 3rd period - Slapshot by Jordin Tootoo.
0:12 of 3rd period - Stopped by Nathan Lieuwen with a rebound.
0:14 of 3rd period - Snap shot by Eriah Hayes.
0:14 of 3rd period - Shot Misses the Net.
0:16 of 3rd period - Slapshot by Danny Syvret.
0:16 of 3rd period - Deflect By Jordin Tootoo.
0:16 of 3rd period - Stopped by Nathan Lieuwen without a rebound.
0:17 of 3rd period - Rylan Schwartz wins face-off versus Corban Knight in Ice Caps zone.
0:17 of 3rd period - Rylan Schwartz is hit by Eriah Hayes.
0:35 of 3rd period - Slapshot by Daniil Tarasov.
0:35 of 3rd period - Shot Misses the Net.
1:13 of 3rd period - Ryan Strome is hit by Kory Nagy and loses puck.
1:20 of 3rd period - Wrist shot by Colin Smith.
1:20 of 3rd period - Shot Misses the Net.
1:22 of 3rd period - Slapshot by Scott Mayfield.
1:22 of 3rd period - Deflect By Ryan Strome.
1:22 of 3rd period - Stopped by Richard Bachman with a rebound.
1:24 of 3rd period - Wrist shot by Scott Mayfield.
1:24 of 3rd period - Stopped by Richard Bachman with a rebound.
1:26 of 3rd period - Wrist shot by Kory Nagy.
1:26 of 3rd period - Stopped by Richard Bachman with a rebound.
1:56 of 3rd period - Wrist shot by Michael Schumacher.
1:56 of 3rd period - Shot Misses the Net.
2:17 of 3rd period - Snap shot by Daniil Tarasov.
2:17 of 3rd period - Shot Blocked by Karl Stollery.
2:19 of 3rd period - Snap shot by Garret Ross.
2:19 of 3rd period - Stopped by Richard Bachman with a rebound.
2:34 of 3rd period - Icing by Zach Trotman.
2:35 of 3rd period - Matt Lindblad wins face-off versus Colin Smith in Crunch zone.
2:54 of 3rd period - Snap shot by Colin Smith.
2:54 of 3rd period - Shot Misses the Net.
3:08 of 3rd period - Snap shot by Rylan Schwartz.
3:08 of 3rd period - Shot Hit the Post.
3:34 of 3rd period - Slapshot by Taylor Pyatt.
3:34 of 3rd period - Shot Misses the Net.
3:36 of 3rd period - Backhand shot by Ryan Strome.
3:36 of 3rd period - Stopped by Nathan Lieuwen with a rebound.
3:38 of 3rd period - Slapshot by Chad Billins.
3:38 of 3rd period - Stopped by Nathan Lieuwen without a rebound.
3:39 of 3rd period - Ryan Strome wins face-off versus Colin Smith in Ice Caps zone.
4:22 of 3rd period - Snap shot by Michael Schumacher.
4:22 of 3rd period - Stopped by Richard Bachman without a rebound.
4:23 of 3rd period - Filip Forsberg wins face-off versus Jordin Tootoo in Crunch zone.
4:26 of 3rd period - Snap shot by Michael Schumacher.
4:26 of 3rd period - Stopped by Richard Bachman without a rebound.
4:27 of 3rd period - Michael Schumacher wins face-off versus Corban Knight in Crunch zone.
5:48 of 3rd period - Wrist shot by Travis Oleksuk.
5:48 of 3rd period - Stopped by Nathan Lieuwen with a rebound.
5:50 of 3rd period - Wrist shot by Danny Syvret.
5:50 of 3rd period - Shot Blocked by Klas Dahlbeck.
6:13 of 3rd period - Colin Smith is hit by Andre Petersson and loses puck.
6:51 of 3rd period - Slapshot by Brodie Reid.
6:51 of 3rd period - Stopped by Nathan Lieuwen with a rebound.
7:48 of 3rd period - Snap shot by Travis Oleksuk.
7:48 of 3rd period - Stopped by Nathan Lieuwen without a rebound.
7:49 of 3rd period - Travis Oleksuk wins face-off versus Colin Smith in Ice Caps zone.
8:10 of 3rd period - Snap shot by Travis Oleksuk.
8:10 of 3rd period - Stopped by Nathan Lieuwen with a rebound.
8:26 of 3rd period - Filip Forsberg is hit by Andre Petersson and loses puck.
8:35 of 3rd period - Off-side.
8:36 of 3rd period - Rylan Schwartz wins face-off versus Phillip Danault in neutral zone.
9:14 of 3rd period - Minor Penalty to Danny Syvret for Hooking.
9:15 of 3rd period - Colin Smith wins face-off versus Travis Oleksuk in Crunch zone.
10:33 of 3rd period - Seth Helgeson is hit by Nick Jensen and loses puck.
10:58 of 3rd period - Travis Oleksuk is hit by Daniil Tarasov and loses puck.
11:14 of 3rd period - Penalty to Danny Syvret is over, Danny Syvret is back on ice.
11:21 of 3rd period - Snap shot by Filip Forsberg.
11:21 of 3rd period - Stopped by Richard Bachman with a rebound.
11:35 of 3rd period - Wrist shot by Jordin Tootoo.
11:35 of 3rd period - Stopped by Nathan Lieuwen without a rebound.
11:36 of 3rd period - Corban Knight wins face-off versus Garret Ross in Ice Caps zone.
11:39 of 3rd period - Wrist shot by Jordin Tootoo.
11:39 of 3rd period - Stopped by Nathan Lieuwen without a rebound.
11:40 of 3rd period - Garret Ross wins face-off versus Corban Knight in Ice Caps zone.
11:40 of 3rd period - Garret Ross is hit by Corban Knight.
12:07 of 3rd period - Troy Bourke is hit by Jordin Tootoo and loses puck.
12:47 of 3rd period - Taylor Pyatt is hit by Filip Forsberg and loses puck.
13:32 of 3rd period - Stanislav Galiev is hit by Daniil Tarasov and loses puck.
15:07 of 3rd period - Slapshot by Troy Bourke.
15:07 of 3rd period - Stopped by Richard Bachman with a rebound.
15:09 of 3rd period - Snap shot by Scott Mayfield.
15:09 of 3rd period - Deflect By Colin Smith.
15:09 of 3rd period - Shot Misses the Net.
15:09 of 3rd period - Puck is out of play.
15:10 of 3rd period - Ryan Strome wins face-off versus Colin Smith in Crunch zone.
15:15 of 3rd period - Colin Smith is hit by Taylor Pyatt and loses puck.
16:33 of 3rd period - Klas Dahlbeck is hit by Karl Stollery and loses puck.
16:45 of 3rd period - Icing by Anton Zlobin.
16:46 of 3rd period - Travis Oleksuk wins face-off versus Kory Nagy in Crunch zone.
17:16 of 3rd period - Snap shot by Garret Ross.
17:16 of 3rd period - Shot Blocked by Anton Zlobin.
17:30 of 3rd period - Rylan Schwartz is hit by Corban Knight.
17:31 of 3rd period - Icing by Rylan Schwartz.
17:32 of 3rd period - Corban Knight wins face-off versus Rylan Schwartz in Ice Caps zone.
17:33 of 3rd period - Wrist shot by Jordin Tootoo.
17:33 of 3rd period - Stopped by Nathan Lieuwen with a rebound.
17:39 of 3rd period - Garret Ross is hit by Eriah Hayes and loses puck.
17:56 of 3rd period - Snap shot by Filip Forsberg.
17:56 of 3rd period - Shot Misses the Net.
17:58 of 3rd period - Wrist shot by Filip Forsberg.
17:58 of 3rd period - Shot Blocked by Corban Knight.
18:00 of 3rd period - Snap shot by Scott Mayfield.
18:00 of 3rd period - Deflect By Eriah Hayes.
18:00 of 3rd period - Goal by Scott Mayfield - Crunch : 2 - Ice Caps : 1.
18:01 of 3rd period - Ryan Strome wins face-off versus Colin Smith in neutral zone.
18:04 of 3rd period - Snap shot by Ryan Strome.
18:04 of 3rd period - Shot Misses the Net.
18:06 of 3rd period - Snap shot by Zach Trotman.
18:06 of 3rd period - Shot Blocked by Brandon Davidson.
18:22 of 3rd period - Backhand shot by Taylor Pyatt.
18:22 of 3rd period - Shot Misses the Net.
18:28 of 3rd period - Snap shot by Taylor Pyatt.
18:28 of 3rd period - Deflect By Ryan Strome.
18:28 of 3rd period - Shot Blocked by Klas Dahlbeck.
18:28 of 3rd period - Puck is out of play.
18:29 of 3rd period - Michael Schumacher wins face-off versus Corban Knight in Ice Caps zone.
19:01 of 3rd period - Ice Caps, Nathan Lieuwen is pulled from the net.
19:29 of 3rd period - Taylor Pyatt is hit by Seth Helgeson and loses puck.
19:50 of 3rd period - Snap shot by Taylor Pyatt.
19:50 of 3rd period - Goal by Taylor Pyatt - Crunch : 3 - Ice Caps : 1.
19:50 of 3rd period - Nathan Lieuwen from Ice Caps was sent back in the game.
19:51 of 3rd period - Colin Smith wins face-off versus Travis Oleksuk in neutral zone.
Goals for this period are 1 for Crunch vs 1 for Ice Caps.
Shots for this period are 12 for Crunch vs 9 for Ice Caps.


Output by the SimonT Hockey Simulator (STHS) for Eric Dolegowski -- Original Page W3C XHTML 1.0 Valid
Hockey Simulator - Hockey Simulation - Hockey Manager